PL
VANCOUVER GREY WOLVES @ NORTHERN VIRGINIA RAINBOW MERMAIDS
07/27/2034
 
TOP OF THE 1ST
Vancouver Grey Wolves batting - Pitching for Northern Virginia Rainbow Mermaids : RHP Guldemunde Geilinger
Pitching: RHP Guldemunde Geilinger
Batting: LHB Michael Malloy 0-0: Called Strike
0-1: Ball
1-1: Ball
2-1: Foul Ball, location: 2F
2-2: Fly out, F9 (Flyball, 89S)
Batting: RHB Hugh Mungus 0-0: Ball
1-0: Called Strike
1-1: Ball
2-1: Ground out 6-3 (Groundball, 6)
Batting: RHB Urs van Munster 0-0: Called Strike
0-1: Ball
1-1: Ball
2-1: Foul Ball, location: 2F
2-2: SINGLE (Groundball, 3D)
Batting: RHB Iván Vega 0-0: Called Strike
0-1: Ball
1-1: Swinging Strike
1-2: Strikes out swinging
Top of the 1st over - 0 runs, 1 hit, 0 errors, 1 left on base; Vancouver 0 - Northern Virginia 0
BOTTOM OF THE 1ST
Northern Virginia Rainbow Mermaids batting - Pitching for Vancouver Grey Wolves : RHP Ambrose Randall
Pitching: RHP Ambrose Randall
Batting: RHB Colt Cabana 0-0: Ball
1-0: Called Strike
1-1: Foul Ball, location: 2F
1-2: Ball
2-2: Foul Ball, location: 2F
2-2: Ball
3-2: Foul Ball, location: 2F
3-2: Foul Ball, location: 2F
3-2: Base on Balls
Batting: SHB Eustacio Tafalla 0-0: Foul Ball, location: 2F
0-1: Ball
1-1: Fielders Choice at 2nd, 4-6 (Groundball, 4M)
Batting: RHB Zahid Kashani 0-0: SINGLE (Groundball, 6D)
Eustacio Tafalla to second
Batting: SHB Takashi Noda 0-0: SINGLE (Line Drive, 9LS)
Eustacio Tafalla to third
Zahid Kashani to second
Batting: RHB Ray Walker 0-0: Swinging Strike
0-1: Ball
1-1: Ball
2-1: Ball
3-1: Called Strike
3-2: Strikes out swinging
Batting: LHB Shelby Noonan 0-0: Called Strike
0-1: Ball
1-1: Called Strike
1-2: Strikes out swinging
Bottom of the 1st over - 0 runs, 2 hits, 0 errors, 3 left on base; Vancouver 0 - Northern Virginia 0
TOP OF THE 2ND
Vancouver Grey Wolves batting - Pitching for Northern Virginia Rainbow Mermaids : RHP Guldemunde Geilinger
Batting: RHB Ángelo Delgado 0-0: Ball
1-0: Ball
2-0: Fly out, F7 (Flyball, 7S)
Batting: RHB Hani Azwan 0-0: Foul Ball, location: 2F
0-1: Called Strike
0-2: Foul Ball, location: 2F
0-2: Foul Ball, location: 2F
0-2: DOUBLE (Line Drive, 7D)
Batting: LHB Johan Kroening 0-0: Called Strike
0-1: Ball
1-1: Ball
2-1: Ball
3-1: Foul Ball, location: 2F
3-2: Strikes out swinging
Batting: RHB Gabriel Hernández 0-0: Ground out 4-3 (Groundball, 4)
Top of the 2nd over - 0 runs, 1 hit, 0 errors, 1 left on base; Vancouver 0 - Northern Virginia 0
BOTTOM OF THE 2ND
Northern Virginia Rainbow Mermaids batting - Pitching for Vancouver Grey Wolves : RHP Ambrose Randall
Batting: RHB Luis Yander La O 0-0: Ball
1-0: Called Strike
1-1: Called Strike
1-2: Ball
2-2: Strikes out looking
Batting: LHB Rio Mence 0-0: Called Strike
0-1: Swinging Strike
0-2: Ball
1-2: Ball
2-2: Ball
3-2: Strikes out looking
Batting: RHB Tommy Socorro 0-0: Ground out 4-3 (Groundball, 4M)
Bottom of the 2nd over - 0 runs, 0 hits, 0 errors, 0 left on base; Vancouver 0 - Northern Virginia 0
TOP OF THE 3RD
Vancouver Grey Wolves batting - Pitching for Northern Virginia Rainbow Mermaids : RHP Guldemunde Geilinger
Batting: LHB Gerardo Ponce de Leon 0-0: Foul Ball, location: 2F
0-1: Foul Ball, location: 2F
0-2: SINGLE (Groundball, 4MD)
Batting: LHB Michael Malloy 0-0: Ball
1-0: Grounds into double play, 4-6-3 (Groundball, 4)
Batting: RHB Hugh Mungus 0-0: Ball
1-0: Ball
2-0: Ball
3-0: Called Strike
3-1: Called Strike
3-2: SINGLE (Line Drive, 7S)
Batting: RHB Urs van Munster 0-0: Ball
1-0: Ball
2-0: Foul Ball, location: 2F
2-1: Foul Ball, location: 2F
2-2: SINGLE (Line Drive, 89S)
Hugh Mungus to second
Batting: RHB Iván Vega 0-0: Called Strike
0-1: Ball
1-1: Ball
2-1: Fielders Choice at 2nd, 5-4 (Groundball, 56)
Top of the 3rd over - 0 runs, 3 hits, 0 errors, 2 left on base; Vancouver 0 - Northern Virginia 0
BOTTOM OF THE 3RD
Northern Virginia Rainbow Mermaids batting - Pitching for Vancouver Grey Wolves : RHP Ambrose Randall
Batting: RHB Colt Cabana 0-0: Ball
1-0: Called Strike
1-1: Called Strike
1-2: Strikes out swinging
Batting: SHB Eustacio Tafalla 0-0: Ball
1-0: Ball
2-0: Ball
3-0: Base on Balls
Batting: RHB Zahid Kashani 0-0: Ball
1-0: Ball
2-0: Ball
3-0: Base on Balls
Eustacio Tafalla to second
Batting: SHB Takashi Noda 0-0: Ball
1-0: Ball
2-0: Called Strike
2-1: Fly out, F7 (Flyball, 7D)
Batting: RHB Ray Walker 0-0: Ball
1-0: Called Strike
1-1: Foul Ball, location: 2F
1-2: Ball
2-2: Strikes out swinging
Bottom of the 3rd over - 0 runs, 0 hits, 0 errors, 2 left on base; Vancouver 0 - Northern Virginia 0
TOP OF THE 4TH
Vancouver Grey Wolves batting - Pitching for Northern Virginia Rainbow Mermaids : RHP Guldemunde Geilinger
Batting: RHB Ángelo Delgado 0-0: Called Strike
0-1: Ball
1-1: Fly out, F7 (Flyball, 78M)
Batting: RHB Hani Azwan 0-0: Ball
1-0: Ball
2-0: Ball
3-0: Base on Balls
Batting: LHB Johan Kroening 0-0: Ball
1-0: Called Strike
1-1: Foul Ball, location: 2F
1-2: Ball
2-2: Ball
3-2: Foul Ball, location: 2F
3-2: Ground out 4-3 (Groundball, 4D)
Hani Azwan to second
Batting: RHB Gabriel Hernández 0-0: Ball
1-0: Ball
Wild Pitch!
Hani Azwan to third
2-0: Foul Ball, location: 2F
2-1: Foul Ball, location: 2F
2-2: Fly out, F7 (Line Drive, 7)
Top of the 4th over - 0 runs, 0 hits, 0 errors, 1 left on base; Vancouver 0 - Northern Virginia 0
BOTTOM OF THE 4TH
Northern Virginia Rainbow Mermaids batting - Pitching for Vancouver Grey Wolves : RHP Ambrose Randall
Batting: LHB Shelby Noonan 0-0: Called Strike
0-1: Swinging Strike
0-2: Ground out 4-3 (Groundball, 34)
Batting: RHB Luis Yander La O 0-0: Ground out 6-3 (Groundball, 6)
Batting: LHB Rio Mence 0-0: Ground out 6-3 (Groundball, 6M)
Bottom of the 4th over - 0 runs, 0 hits, 0 errors, 0 left on base; Vancouver 0 - Northern Virginia 0
TOP OF THE 5TH
Vancouver Grey Wolves batting - Pitching for Northern Virginia Rainbow Mermaids : RHP Guldemunde Geilinger
Batting: LHB Gerardo Ponce de Leon 0-0: DOUBLE (Flyball, 89XD)
Batting: LHB Michael Malloy 0-0: Foul Ball, location: 2F
0-1: Foul Ball, location: 2F
0-2: Reached on error, E4 (Groundball, 4S)
Gerardo Ponce de Leon to third
Batting: RHB Hugh Mungus 0-0: Called Strike
0-1: Ground out 3-1 (Groundball, 34S)
Gerardo Ponce de Leon scores
Michael Malloy to second
Batting: RHB Urs van Munster 0-0: Called Strike
0-1: TRIPLE (Flyball, 8RXD)
Michael Malloy scores
Batting: RHB Iván Vega 0-0: Swinging Strike
0-1: Swinging Strike
0-2: Foul Ball, location: 2F
0-2: Ball
1-2: Ball
2-2: Foul Ball, location: 2F
2-2: Foul Ball, location: 2F
2-2: Foul Ball, location: 2F
2-2: Strikes out swinging
Batting: RHB Ángelo Delgado 0-0: Ball
1-0: Ball
2-0: Ball
3-0: Called Strike
3-1: 2-RUN HOME RUN (Flyball, 7LD), Distance : 363 ft
Batting: RHB Hani Azwan 0-0: Called Strike
0-1: Fly out, F8 (Flyball, 8RS)
Top of the 5th over - 4 runs, 3 hits, 1 error, 0 left on base; Vancouver 4 - Northern Virginia 0
BOTTOM OF THE 5TH
Northern Virginia Rainbow Mermaids batting - Pitching for Vancouver Grey Wolves : RHP Ambrose Randall
Batting: RHB Tommy Socorro 0-0: Swinging Strike
0-1: Ball
1-1: Fly out, F8 (Flyball, 78S)
Batting: RHB Colt Cabana 0-0: SINGLE (Groundball, 56D)
Batting: SHB Eustacio Tafalla 0-0: Called Strike
0-1: Foul Ball, location: 2F
0-2: Grounds into double play, 4-6-3 (Groundball, 4)
Bottom of the 5th over - 0 runs, 1 hit, 0 errors, 0 left on base; Vancouver 4 - Northern Virginia 0
TOP OF THE 6TH
Vancouver Grey Wolves batting - Pitching for Northern Virginia Rainbow Mermaids : RHP Guldemunde Geilinger
Batting: LHB Johan Kroening 0-0: Ball
1-0: Swinging Strike
1-1: Swinging Strike
1-2: Strikes out swinging
Pitching: RHP Keith Johnson
Batting: RHB Gabriel Hernández 0-0: Ball
1-0: Swinging Strike
1-1: Foul Ball, location: 2F
1-2: Ball
2-2: Ball
3-2: Strikes out looking
Batting: LHB Gerardo Ponce de Leon 0-0: Ball
1-0: Ground out 4-3 (Groundball, 4)
Top of the 6th over - 0 runs, 0 hits, 0 errors, 0 left on base; Vancouver 4 - Northern Virginia 0
BOTTOM OF THE 6TH
Northern Virginia Rainbow Mermaids batting - Pitching for Vancouver Grey Wolves : RHP Ambrose Randall
Batting: RHB Zahid Kashani 0-0: Called Strike
0-1: Ball
1-1: Called Strike
1-2: Ball
2-2: Ball
3-2: Strikes out swinging
Batting: SHB Takashi Noda 0-0: Ball
1-0: Foul Ball, location: 2F
1-1: Ball
2-1: Ball
3-1: Foul Ball, location: 2F
3-2: Foul Ball, location: 2F
3-2: Base on Balls
Batting: RHB Ray Walker 0-0: Called Strike
0-1: Ball
1-1: Swinging Strike
1-2: Strikes out swinging
Batting: LHB Shelby Noonan 0-0: Called Strike
0-1: Swinging Strike
0-2: Ball
1-2: Strikes out swinging
Bottom of the 6th over - 0 runs, 0 hits, 0 errors, 1 left on base; Vancouver 4 - Northern Virginia 0
TOP OF THE 7TH
Vancouver Grey Wolves batting - Pitching for Northern Virginia Rainbow Mermaids : RHP Keith Johnson
Batting: LHB Michael Malloy 0-0: Ball
1-0: Called Strike
1-1: Ball
2-1: Foul Ball, location: 2F
2-2: Fly out, F7 (Line Drive, 78M)
Batting: RHB Hugh Mungus 0-0: Called Strike
0-1: Foul Ball, location: 2F
0-2: Foul Ball, location: 2F
0-2: SOLO HOME RUN (Flyball, 7D), Distance : 384 ft
Batting: RHB Urs van Munster 0-0: Swinging Strike
0-1: Swinging Strike
0-2: Strikes out swinging
Batting: RHB Iván Vega 0-0: Called Strike
0-1: Foul Ball, location: 2F
0-2: Ball
1-2: Ball
2-2: SINGLE (Groundball, 56D)
Batting: RHB Ángelo Delgado 0-0: Ball
1-0: Ball
2-0: Called Strike
2-1: Fielders Choice at 2nd, 6-4 (Groundball, 6)
Top of the 7th over - 1 run, 2 hits, 0 errors, 1 left on base; Vancouver 5 - Northern Virginia 0
BOTTOM OF THE 7TH
Northern Virginia Rainbow Mermaids batting - Pitching for Vancouver Grey Wolves : RHP Ambrose Randall
Now at C: Joe Phillips
Batting: RHB Luis Yander La O 0-0: Fly out, F8 (Flyball, 78M)
Batting: LHB Rio Mence 0-0: Ball
1-0: Called Strike
1-1: Ground out 4-3 (Groundball, 34)
Batting: RHB Tommy Socorro 0-0: Ball
1-0: Called Strike
1-1: Foul Ball, location: 2F
1-2: Ball
2-2: Ground out 6-3 (Groundball, 56)
Bottom of the 7th over - 0 runs, 0 hits, 0 errors, 0 left on base; Vancouver 5 - Northern Virginia 0
TOP OF THE 8TH
Vancouver Grey Wolves batting - Pitching for Northern Virginia Rainbow Mermaids : RHP Keith Johnson
Batting: RHB Hani Azwan 0-0: Ground out 5-3 (Groundball, 56S)
Batting: LHB Johan Kroening 0-0: Swinging Strike
0-1: Called Strike
0-2: Foul Ball, location: 2F
0-2: Ball
1-2: Strikes out swinging
Batting: RHB Gabriel Hernández 0-0: Ball
1-0: Foul Ball, location: 2F
1-1: SINGLE (Groundball, 6MD)
Batting: LHB Gerardo Ponce de Leon 0-0: Ball
1-0: Called Strike
1-1: Ground out 4-3 (Groundball, 4)
Top of the 8th over - 0 runs, 1 hit, 0 errors, 1 left on base; Vancouver 5 - Northern Virginia 0
BOTTOM OF THE 8TH
Northern Virginia Rainbow Mermaids batting - Pitching for Vancouver Grey Wolves : RHP Ambrose Randall
Batting: RHB Colt Cabana 0-0: Ball
1-0: Called Strike
1-1: Foul Ball, location: 2F
1-2: Ball
2-2: Foul Ball, location: 2F
2-2: Ball
3-2: DOUBLE (Line Drive, 7D)
Pitching: RHP Roy Shively
Batting: SHB Eustacio Tafalla 0-0: Ball
1-0: SINGLE (Flyball, 9LS)
Colt Cabana to third
Runner from 3rd tries for Home, SAFE, no throw
Batting: RHB Zahid Kashani 0-0: Ball
1-0: Ball
2-0: Ball
3-0: Base on Balls
Eustacio Tafalla to second
Pitching: LHP Sjaak Bonne
Batting: SHB Takashi Noda 0-0: Swinging Strike
0-1: Ball
1-1: DOUBLE (Groundball, 3L)
Eustacio Tafalla scores
Zahid Kashani to third
Batting: RHB Ray Walker 0-0: Fly out, F7 (Line Drive, 7)
Runner from 3rd tags up, SCORES, no throw
Batting: LHB Shelby Noonan 0-0: Called Strike
0-1: Foul Ball, location: 2F
0-2: Ball
1-2: Strikes out swinging
Batting: RHB Luis Yander La O 0-0: Ball
1-0: Foul Ball, location: 2F
1-1: Swinging Strike
1-2: Strikes out looking
Bottom of the 8th over - 3 runs, 3 hits, 0 errors, 1 left on base; Vancouver 5 - Northern Virginia 3
TOP OF THE 9TH
Vancouver Grey Wolves batting - Pitching for Northern Virginia Rainbow Mermaids : RHP Keith Johnson
Batting: LHB Michael Malloy 0-0: Ball
1-0: Ball
2-0: Foul Ball, location: 2F
2-1: Foul Ball, location: 2F
2-2: Ground out 4-3 (Groundball, 4)
Batting: RHB Hugh Mungus 0-0: Called Strike
0-1: Foul Ball, location: 2F
0-2: Ball
1-2: Ground out 6-3 (Groundball, 6)
Batting: RHB Urs van Munster 0-0: Ball
1-0: Ball
2-0: Called Strike
2-1: Ball
3-1: Base on Balls
Pitching: RHP Mat Tengku
Batting: RHB Iván Vega 0-0: Called Strike
0-1: Foul Ball, location: 2F
0-2: Ball
Urs van Munster steals 2nd base
1-2: Ball
2-2: Ball
3-2: Base on Balls
Batting: RHB Joe Phillips 0-0: Swinging Strike
0-1: Fly out, F9 (Flyball, 9D)
Top of the 9th over - 0 runs, 0 hits, 0 errors, 2 left on base; Vancouver 5 - Northern Virginia 3
BOTTOM OF THE 9TH
Northern Virginia Rainbow Mermaids batting - Pitching for Vancouver Grey Wolves : LHP Sjaak Bonne
Batting: LHB Rio Mence 0-0: Called Strike
0-1: Hit by Pitch
Batting: RHB Tommy Socorro 0-0: Foul Ball, location: 2F
0-1: Foul Ball, location: 2F
0-2: Strikes out swinging
Batting: RHB Colt Cabana 0-0: Ball
1-0: Fly out, F8 (Line Drive, 78M)
Batting: SHB Eustacio Tafalla 0-0: Foul Ball, location: 2F
0-1: Ball
1-1: Ball
2-1: DOUBLE (Flyball, 8RXD)
Rio Mence to third
Batting: RHB Zahid Kashani 0-0: Ball
1-0: Called Strike
1-1: Ball
2-1: Called Strike
2-2: Strikes out swinging
Bottom of the 9th over - 0 runs, 1 hit, 0 errors, 2 left on base; Vancouver 5 - Northern Virginia 3
Friday, March 29th, 2019 - OOTP Baseball 18.8 Build 76